WCHLSIM.com - West Coast Hockey League
html PUBLIC "-//W3C//DTD XHTML 1.0 Transitional//EN" "http://www.w3.org/TR/xhtml1/DTD/xhtml1-transitional.dtd"> WCHL - Game 910 - VANCOUVER VOODOO vs EDMONTON ICE

VANCOUVER VOODOO vs EDMONTON ICE

Created - 27 février 2024 at 19:26

Goals
1 2 3 T
VANCOUVER VOODOO 0 2 0 2
EDMONTON ICE 2 0 3 5
Shots
1 2 3 T
VANCOUVER VOODOO 11 7 8 26
EDMONTON ICE 6 7 18 31

1st period

1. EDMONTON ICE , Thomas Novak 15 (Gustav Nyquist 20, Scott Laughton 30) at 9:03
2. EDMONTON ICE , Thomas Novak 16 (Michael Matheson 30, Gustav Nyquist 21) at 16:32

Penalties :
Gustav Nyquist (EDM) for Cross-checking (Minor) at 9:11, Jarred Tinordi (EDM) for Tripping (Minor) at 16:55

2nd period

3. VANCOUVER VOODOO , Rafael Harvey-Pinard 12 (Jordan Harris 11) at 2:25
4. VANCOUVER VOODOO , Rafael Harvey-Pinard 13 (Joshua Norris 9) at 11:07

Penalties :
No Penalty

3rd period

5. EDMONTON ICE , Alex Tuch 27 (Jack Eichel 36, Michael Matheson 31) at 2:56
6. EDMONTON ICE , Tanner Jeannot 4 (Anton Lundell 3) at 10:38
7. EDMONTON ICE , Scott Laughton 25 (Thomas Novak 15) at 11:22

Penalties :
Alexander Edler (VAN) for Holding (Minor) at 8:34, Ryan Graves (EDM) for Boarding (Minor) at 19:18

Goalie Stats

Samuel Montembeault (VAN), 26 saves from 31 shots - (0,839), L, 3-13-4, 60:00 minutes
Vitek Vanecek (EDM), 24 saves from 26 shots - (0,923), W, 33-14-4, 60:00 minutes

Players Stats for VANCOUVER VOODOO

Player Name              G  A  P  +/- PIM S  H  SB GA TA FO     MP     PP MP  PK MP  
------------------------------------------------------------------------------------
Alexander Edler          0  0  0  -1  2   1  1  0  0  0  0/0    19:15   0:31   0:00 
Braden Schneider         0  0  0  -1  0   0  2  1  0  0  0/0    19:41   1:46   1:13 
Carson Soucy             0  0  0  -1  0   1  1  0  0  0  0/0    19:53   1:54   0:46 
Christian Dvorak         0  0  0   0  0   4  0  0  0  0  9/16   15:46   2:22   1:29 
Cody Glass               0  0  0  -2  0   1  0  0  0  0  6/11    6:45   0:53   0:00 
Conor Garland            0  0  0   0  0   2  0  0  0  0  1/2    14:40   3:05   0:00 
Fabian Zetterlund        0  0  0   0  0   0  0  0  0  0  0/1    11:35   0:00   0:00 
Jonathan Drouin          0  0  0   0  0   1  1  0  0  0  0/2    20:15   1:46   0:00 
Jordan Harris            0  1  1  -1  0   0  1  3  0  0  0/0    18:50   2:22   0:00 
Josh Anderson            0  0  0  -1  0   2  3  0  0  0  0/2    19:46   2:00   0:00 
Josh Bailey              0  0  0  -2  0   1  0  0  0  0  0/0     5:52   0:00   0:00 
Joshua Norris            0  1  1  -1  0   2  0  0  0  0  14/20  19:46   2:00   0:00 
Kirby Dach               0  0  0   0  0   3  3  0  0  0  10/21  20:25   1:46   0:30 
Michael Pezzetta         0  0  0  -2  0   1  1  0  0  0  0/0     5:57   0:05   0:00 
Nathan Beaulieu          0  0  0  -1  0   0  2  4  0  0  0/0    19:07   0:32   0:46 
Nicolas Hague            0  0  0  -1  0   0  0  1  0  0  0/0    22:33   2:13   1:13 
Nicolas Roy              0  0  0   0  0   0  1  0  0  0  1/1    18:39   0:00   0:30 
Rafael Harvey-Pinard     2  0  2  -1  0   7  0  0  0  0  0/0    19:15   0:00   1:29 

Players Stats for EDMONTON ICE

Player Name              G  A  P  +/- PIM S  H  SB GA TA FO     MP     PP MP  PK MP  
------------------------------------------------------------------------------------
Alex Tuch                1  0  1   1  0   4  0  0  0  0  0/1    19:41   1:08   0:00 
Anthony Beauvillier      0  0  0   0  0   1  4  1  0  0  0/1    13:22   0:00   0:19 
Anton Lundell            0  1  1   1  0   0  0  0  0  0  2/10    8:38   0:00   3:07 
Dawson Mercer            0  0  0   0  0   3  0  0  0  0  5/17   14:13   0:51   0:19 
Evgeny Dadonov           0  0  0   0  0   5  0  0  0  0  1/1    14:16   0:00   1:13 
Gustav Nyquist           0  2  2   1  2   3  1  0  0  0  0/0    17:22   1:08   0:00 
Jack Eichel              0  1  1   1  0   1  3  0  0  0  12/21  19:41   1:08   0:00 
Jarred Tinordi           0  0  0   0  2   0  2  0  0  0  0/0     3:51   0:00   0:35 
Jonas Brodin             0  0  0   2  0   1  0  2  0  0  0/0    16:34   0:00   2:24 
Jordan Spence            0  0  0   0  0   0  1  0  0  0  0/0    17:11   0:36   0:00 
Michael Matheson         0  2  2   1  0   4  3  1  0  0  0/0    23:07   1:23   2:24 
Ryan Graves              0  0  0   0  2   2  3  0  0  0  0/0    22:07   0:36   1:40 
Scott Laughton           1  1  2   2  0   2  2  0  0  0  3/5    23:50   0:51   1:13 
Shea Theodore            0  0  0   1  0   0  2  0  0  0  0/0    20:43   1:23   0:00 
Tanner Jeannot           1  0  1   1  0   1  3  0  0  0  0/0     8:38   0:00   3:07 
Thomas Novak             2  1  3   1  0   3  0  0  0  0  11/19  16:15   0:00   0:00 
Tomas Tatar              0  0  0   1  0   1  1  0  0  0  1/1    19:24   0:51   0:00 
Zach Whitecloud          0  0  0   2  0   0  4  1  0  0  0/0    16:25   0:00   2:15 

3 Stars

1 - Thomas Novak (EDM)
2 - Scott Laughton (EDM)
3 - Michael Matheson (EDM)

Power Play

VANCOUVER VOODOO - 0 on 3 Attempt(s) - 0,00%
EDMONTON ICE - 0 on 1 Attempt(s) - 0,00%

Penalty Kill

VANCOUVER VOODOO - 1 on 1 Attempt(s) - 100,00% - Score 0 goal in Penalty Kill
EDMONTON ICE - 3 on 3 Attempt(s) - 100,00% - Score 0 goal in Penalty Kill

Team Stat

VANCOUVER VOODOO - Hits : 16 - Faceoff Wins : 41 - Blocked Shots : 9 - Penalty Minutes : 2
EDMONTON ICE - Hits : 29 - Faceoff Wins : 35 - Blocked Shots : 5 - Penalty Minutes : 6

Official

Referees : Corey Syvret and Michael Markovic
Linesman : Steve Miller and Ryan Gibbons

Game Notes

No Game Note

Finance

Level 1 -- Attendance: 4587 (76,45%) -- Ticket Income 963 270 $
Level 2 -- Attendance: 4368 (87,36%) -- Ticket Income 611 520 $
Level 3 -- Attendance: 1962 (98,10%) -- Ticket Income 215 820 $
Level 4 -- Attendance: 3239 (53,98%) -- Ticket Income 275 315 $
Luxury Box -- Attendance: 670 (67,00%) -- Ticket Income 251 250 $
Total Attendance: 14826 (74,13%)
Total Ticket Income: 2 317 175 $
Other Expense: 23 172 $
Total Income: 2 294 003 $

VANCOUVER VOODOO

5 vs 5 Forward 
   Center                   Left Wing                Right Wing               Time % Phy DF OF 
 1 Kirby Dach               Jonathan Drouin          Nicolas Roy              37     1   1  3  
 2 Joshua Norris            Rafael Harvey-Pinard     Josh Anderson            35     1   2  2  
 3 Christian Dvorak         Fabian Zetterlund        Conor Garland            24     1   1  3  
 4 Cody Glass               Michael Pezzetta         Josh Bailey              4      3   1  1  

5 vs 5 Defense 
   Defense                  Defense                                           Time % Phy DF OF 
 1 Nicolas Hague            Alexander Edler                                   39     2   2  1  
 2 Carson Soucy             Jordan Harris                                     38     1   1  3  
 3 Braden Schneider         Nathan Beaulieu                                   23     2   2  1  
 4 Nicolas Hague            Nathan Beaulieu                                   0      1   2  2  

PowerPlay Forward 
   Center                   Left Wing                Right Wing               Time % Phy DF OF 
 1 Kirby Dach               Jonathan Drouin          Conor Garland            53     1   1  3  
 2 Joshua Norris            Christian Dvorak         Josh Anderson            47     2   1  2  

PowerPlay Defense
   Defense                  Defense                                           Time % Phy DF OF 
 1 Nicolas Hague            Jordan Harris                                     53     1   1  3  
 2 Braden Schneider         Carson Soucy                                      47     1   2  2  

Penalty Kill 4 Players Forward 
   Center                   Wing                     Time % Phy DF OF 
 1 Christian Dvorak         Rafael Harvey-Pinard     60     1   4  0  
 2 Kirby Dach               Nicolas Roy              40     2   2  1  

Penalty Kill 4 Players Defense
   Defense                  Defense                  Time % Phy DF OF 
 1 Nicolas Hague            Braden Schneider         53     2   3  0  
 2 Carson Soucy             Nathan Beaulieu          47     1   3  1  

Penalty Kill - 3 Players Forward 
   Forward                                           Time % Phy DF OF 
 1 Kirby Dach                                        55     1   4  0  
 2 Rafael Harvey-Pinard                              45     2   3  0  

Penalty Kill - 3 Players Defense
   Defense                  Defense                  Time % Phy DF OF 
 1 Nicolas Hague            Braden Schneider         52     1   4  0  
 2 Jordan Harris            Alexander Edler          48     1   3  1  

4 vs 4 Forward 
   Center                   Wing                     Time % Phy DF OF 
 1 Christian Dvorak         Rafael Harvey-Pinard     51     1   2  2  
 2 Cody Glass               Josh Anderson            49     2   1  2  

4 vs 4 Defense
   Defense                  Defense                  Time % Phy DF OF 
 1 Nicolas Hague            Carson Soucy             52     1   2  2  
 2 Alexander Edler          Braden Schneider         48     1   2  2  

Last Minutes Offensive
   Center                   Left Wing                Right Wing               Defense                  Defense                  
   Joshua Norris            Kirby Dach               Nicolas Roy              Nicolas Hague            Jordan Harris            

Last Minutes Defensive
   Center                   Left Wing                Right Wing               Defense                  Defense                  
   Kirby Dach               Christian Dvorak         Nicolas Roy              Nicolas Hague            Carson Soucy             

Goaltenders
Starting : Samuel Montembeault      
Backup : Filip Gustavsson         

Extra Forwards
Normal : Josh Anderson, Joshua Norris, Jonathan Drouin - PP : Conor Garland, Cody Glass - PK : Josh Anderson
Extra Defensemen
Normal : Carson Soucy, Alexander Edler, Jordan Harris - PP : Nathan Beaulieu - PK : Alexander Edler, Jordan Harris
Penalty Shots
Kirby Dach, Joshua Norris, Conor Garland, Cody Glass, Nicolas Roy
Custom OT Lines Forwards
Kirby Dach, Joshua Norris, Nicolas Roy, Josh Anderson, Rafael Harvey-Pinard, Christian Dvorak, Jonathan Drouin, Conor Garland, Cody Glass, Josh Bailey
Custom OT Lines Defensemen
Nicolas Hague, Jordan Harris, Carson Soucy, Alexander Edler, Nathan Beaulieu

Scratches
Max Pacioretty (Healthy), Derek Grant (Left Leg Injury), Nico Hischier (Healthy), Alex Nedeljkovic (Strained Right Elbow Injury)

EDMONTON ICE

5 vs 5 Forward 
   Center                   Left Wing                Right Wing               Time % Phy DF OF 
 1 Jack Eichel              Tomas Tatar              Alex Tuch                36     0   2  3  
 2 Thomas Novak             Scott Laughton           Gustav Nyquist           33     1   2  2  
 3 Dawson Mercer            Anthony Beauvillier      Evgeny Dadonov           24     1   3  1  
 4 Anton Lundell            Scott Laughton           Tanner Jeannot           7      0   3  2  

5 vs 5 Defense 
   Defense                  Defense                                           Time % Phy DF OF 
 1 Shea Theodore            Michael Matheson                                  37     1   2  2  
 2 Jordan Spence            Ryan Graves                                       32     0   3  2  
 3 Zach Whitecloud          Jonas Brodin                                      25     0   4  1  
 4 Ryan Graves              Jarred Tinordi                                    6      0   3  2  

PowerPlay Forward 
   Center                   Left Wing                Right Wing               Time % Phy DF OF 
 1 Jack Eichel              Gustav Nyquist           Alex Tuch                60     1   2  2  
 2 Dawson Mercer            Scott Laughton           Tomas Tatar              40     1   2  2  

PowerPlay Defense
   Defense                  Defense                                           Time % Phy DF OF 
 1 Shea Theodore            Michael Matheson                                  60     0   2  3  
 2 Ryan Graves              Jordan Spence                                     40     0   2  3  

Penalty Kill 4 Players Forward 
   Center                   Wing                     Time % Phy DF OF 
 1 Anton Lundell            Tanner Jeannot           60     0   5  0  
 2 Scott Laughton           Evgeny Dadonov           40     0   5  0  

Penalty Kill 4 Players Defense
   Defense                  Defense                  Time % Phy DF OF 
 1 Michael Matheson         Jonas Brodin             60     0   5  0  
 2 Zach Whitecloud          Ryan Graves              40     0   5  0  

Penalty Kill - 3 Players Forward 
   Forward                                           Time % Phy DF OF 
 1 Anton Lundell                                     55     0   4  1  
 2 Thomas Novak                                      45     0   4  1  

Penalty Kill - 3 Players Defense
   Defense                  Defense                  Time % Phy DF OF 
 1 Zach Whitecloud          Ryan Graves              55     0   5  0  
 2 Jonas Brodin             Jarred Tinordi           45     0   5  0  

4 vs 4 Forward 
   Center                   Wing                     Time % Phy DF OF 
 1 Dawson Mercer            Gustav Nyquist           55     1   2  2  
 2 Thomas Novak             Evgeny Dadonov           45     1   2  2  

4 vs 4 Defense
   Defense                  Defense                  Time % Phy DF OF 
 1 Shea Theodore            Michael Matheson         55     1   2  2  
 2 Zach Whitecloud          Jarred Tinordi           45     1   2  2  

Last Minutes Offensive
   Center                   Left Wing                Right Wing               Defense                  Defense                  
   Jack Eichel              Scott Laughton           Alex Tuch                Shea Theodore            Michael Matheson         

Last Minutes Defensive
   Center                   Left Wing                Right Wing               Defense                  Defense                  
   Scott Laughton           Gustav Nyquist           Alex Tuch                Jonas Brodin             Michael Matheson         

Goaltenders
Starting : Vitek Vanecek            
Backup : Jonathan Quick           

Extra Forwards
Normal : Dawson Mercer, Tomas Tatar, Anton Lundell - PP : Thomas Novak, Dawson Mercer - PK : Dawson Mercer
Extra Defensemen
Normal : Shea Theodore, Michael Matheson, Jonas Brodin - PP : Jonas Brodin - PK : Ryan Graves, Shea Theodore
Penalty Shots
Alex Tuch, Jack Eichel, Thomas Novak, Dawson Mercer, Gustav Nyquist
Custom OT Lines Forwards
Alex Tuch, Jack Eichel, Scott Laughton, Gustav Nyquist, Tomas Tatar, Dawson Mercer, Thomas Novak, Anthony Beauvillier, Anton Lundell, Evgeny Dadonov
Custom OT Lines Defensemen
Shea Theodore, Michael Matheson, Jonas Brodin, Ryan Graves, Jordan Spence

Scratches
Austin Watson (Healthy), Anthony Mantha (Healthy), Joshua Mahura (Healthy)

% Time on Ice - VANCOUVER VOODOO

Lines # - Real PCT - Wanted PCT - Time Play
Normal Forward
1 - 34% - 37% - 18:09
2 - 33% - 35% - 17:46
3 - 22% - 24% - 11:35
4 - 11% - 4% - 5:52
Normal Defense
1 - 34% - 39% - 18:00
2 - 33% - 38% - 17:33
3 - 31% - 23% - 16:37
4 - 2% - 0% - 1:12
PP Forward
1 - 38% - 53% - 1:46
2 - 62% - 47% - 2:53
PP Defense
1 - 60% - 53% - 2:48
2 - 40% - 47% - 1:51
PK Forward
1 - 75% - 60% - 1:29
2 - 25% - 40% - 0:30
PK Defense
1 - 61% - 53% - 1:13
2 - 39% - 47% - 0:46
PK3 Forward
1 - 0% - 55%
2 - 0% - 45%
PK3 Defense
1 - 0% - 52%
2 - 0% - 48%
44 Forward
1 - 0% - 51%
2 - 0% - 49%
44 Defense
1 - 0% - 52%
2 - 0% - 48%
Last Minute Offensive  - 0:00
Last Minute Defensive  - 0:00
Total
Forward - 60:00
Defense - 60:00

% Time on Ice - EDMONTON ICE

Lines # - Real PCT - Wanted PCT - Time Play
Normal Forward
1 - 35% - 36% - 18:33
2 - 30% - 33% - 16:15
3 - 24% - 24% - 13:03
4 - 10% - 7% - 5:31
Normal Defense
1 - 36% - 37% - 19:20
2 - 31% - 32% - 16:35
3 - 27% - 25% - 14:10
4 - 6% - 6% - 3:17
PP Forward
1 - 57% - 60% - 1:08
2 - 43% - 40% - 0:51
PP Defense
1 - 70% - 60% - 1:23
2 - 30% - 40% - 0:36
PK Forward
1 - 74% - 60% - 3:26
2 - 26% - 40% - 1:13
PK Defense
1 - 52% - 60% - 2:24
2 - 48% - 40% - 2:15
PK3 Forward
1 - 0% - 55%
2 - 0% - 45%
PK3 Defense
1 - 0% - 55%
2 - 0% - 45%
44 Forward
1 - 0% - 55%
2 - 0% - 45%
44 Defense
1 - 0% - 55%
2 - 0% - 45%
Last Minute Offensive  - 0:00
Last Minute Defensive  - 0:00
Total
Forward - 60:00
Defense - 60:00

Play-by-Play

1st period


0:01 of 1st period - Kirby Dach wins face-off versus Alex Tuch in neutral zone.
1:20 of 1st period - Shot by Rafael Harvey-Pinard.
1:20 of 1st period - Shot Misses the Net.
1:22 of 1st period - Shot by Joshua Norris.
1:22 of 1st period - Stopped by Vitek Vanecek with a rebound.
1:32 of 1st period - Shot by Rafael Harvey-Pinard.
1:32 of 1st period - Stopped by Vitek Vanecek without a rebound.
1:33 of 1st period - Christian Dvorak wins face-off versus Dawson Mercer in EDMONTON ICE zone.
1:36 of 1st period - Shot by Christian Dvorak.
1:36 of 1st period - Shot Misses the Net.
2:02 of 1st period - Evgeny Dadonov is hit by Braden Schneider.
2:32 of 1st period - Shot by Scott Laughton.
2:32 of 1st period - Shot Misses the Net.
2:49 of 1st period - Conor Garland is hit by Tanner Jeannot and loses puck.
3:37 of 1st period - Jack Eichel is hit by Braden Schneider and loses puck.
4:36 of 1st period - Shot by Rafael Harvey-Pinard.
4:36 of 1st period - Stopped by Vitek Vanecek without a rebound.
4:37 of 1st period - Thomas Novak wins face-off versus Kirby Dach in EDMONTON ICE zone.
4:42 of 1st period - Shot by Scott Laughton.
4:42 of 1st period - Shot Misses the Net.
4:49 of 1st period - Nicolas Roy is hit by Michael Matheson and loses puck.
5:36 of 1st period - Shot by Anthony Beauvillier.
5:36 of 1st period - Shot Misses the Net.
5:38 of 1st period - Shot by Dawson Mercer.
5:38 of 1st period - Shot Misses the Net.
5:52 of 1st period - Shot by Dawson Mercer.
5:52 of 1st period - Shot Misses the Net.
5:54 of 1st period - Shot by Jonas Brodin.
5:54 of 1st period - Stopped by Samuel Montembeault without a rebound.
5:55 of 1st period - Joshua Norris wins face-off versus Jack Eichel in VANCOUVER VOODOO zone.
5:55 of 1st period - Joshua Norris is hit by Jack Eichel.
6:18 of 1st period - Shot by Josh Anderson.
6:18 of 1st period - Stopped by Vitek Vanecek without a rebound.
6:19 of 1st period - Cody Glass wins face-off versus Dawson Mercer in EDMONTON ICE zone.
6:20 of 1st period - Shot by Josh Bailey.
6:20 of 1st period - Shot Misses the Net.
6:28 of 1st period - Shot by Anthony Beauvillier.
6:28 of 1st period - Shot Misses the Net.
6:30 of 1st period - Shot by Anthony Beauvillier.
6:30 of 1st period - Stopped by Samuel Montembeault without a rebound.
6:31 of 1st period - Scott Laughton wins face-off versus Joshua Norris in VANCOUVER VOODOO zone.
6:31 of 1st period - Scott Laughton is hit by Jordan Harris.
7:30 of 1st period - Alex Tuch is hit by Carson Soucy and loses puck.
7:45 of 1st period - Shot by Tomas Tatar.
7:45 of 1st period - Shot Misses the Net.
7:49 of 1st period - Shot by Alex Tuch.
7:49 of 1st period - Stopped by Samuel Montembeault without a rebound.
7:50 of 1st period - Nicolas Roy wins face-off versus Dawson Mercer in VANCOUVER VOODOO zone.
8:04 of 1st period - Off-side.
8:05 of 1st period - Cody Glass wins face-off versus Anton Lundell in neutral zone.
8:28 of 1st period - Icing by Nicolas Hague.
8:29 of 1st period - Jack Eichel wins face-off versus Cody Glass in VANCOUVER VOODOO zone.
8:53 of 1st period - Icing by Nathan Beaulieu.
8:54 of 1st period - Thomas Novak wins face-off versus Cody Glass in VANCOUVER VOODOO zone.
9:03 of 1st period - Shot by Thomas Novak.
9:03 of 1st period - Goal by Thomas Novak - VANCOUVER VOODOO : 0 - EDMONTON ICE : 1.
9:04 of 1st period - Thomas Novak wins face-off versus Kirby Dach in neutral zone.
9:11 of 1st period - Minor Penalty to Gustav Nyquist for Cross-checking.
9:12 of 1st period - Anton Lundell wins face-off versus Kirby Dach in EDMONTON ICE zone.
9:35 of 1st period - Shot by Conor Garland.
9:35 of 1st period - Shot Misses the Net.
9:37 of 1st period - Shot by Jonathan Drouin.
9:37 of 1st period - Deflect By Kirby Dach.
9:37 of 1st period - Shot Misses the Net.
9:39 of 1st period - Shot by Braden Schneider.
9:39 of 1st period - Shot Misses the Net.
9:47 of 1st period - Shot by Jonathan Drouin.
9:47 of 1st period - Shot Misses the Net.
9:49 of 1st period - Shot by Kirby Dach.
9:49 of 1st period - Shot Blocked by Jonas Brodin.
10:19 of 1st period - Zach Whitecloud is hit by Josh Anderson and loses puck.
11:01 of 1st period - Shot by Conor Garland.
11:01 of 1st period - Stopped by Vitek Vanecek without a rebound.
11:02 of 1st period - Scott Laughton wins face-off versus Christian Dvorak in EDMONTON ICE zone.
11:15 of 1st period - Shot by Christian Dvorak.
11:15 of 1st period - Stopped by Vitek Vanecek without a rebound.
11:16 of 1st period - Cody Glass wins face-off versus Thomas Novak in EDMONTON ICE zone.
11:19 of 1st period - Shot by Josh Bailey.
11:19 of 1st period - Deflect By Michael Pezzetta.
11:19 of 1st period - Stopped by Vitek Vanecek with a rebound.
11:23 of 1st period - Shot by Josh Bailey.
11:23 of 1st period - Shot Blocked by Michael Matheson.
11:25 of 1st period - Shot by Cody Glass.
11:25 of 1st period - Shot Misses the Net.
11:27 of 1st period - Shot by Josh Bailey.
11:27 of 1st period - Shot Misses the Net.
11:29 of 1st period - Shot by Josh Bailey.
11:29 of 1st period - Deflect By Cody Glass.
11:29 of 1st period - Shot Misses the Net.
12:13 of 1st period - Carson Soucy is hit by Jack Eichel and loses puck.
13:19 of 1st period - Shot by Nicolas Roy.
13:19 of 1st period - Shot Blocked by Anthony Beauvillier.
13:33 of 1st period - Shot by Dawson Mercer.
13:33 of 1st period - Shot Blocked by Nathan Beaulieu.
13:35 of 1st period - Shot by Evgeny Dadonov.
13:35 of 1st period - Stopped by Samuel Montembeault with a rebound.
13:55 of 1st period - Braden Schneider is hit by Tanner Jeannot and loses puck.
14:33 of 1st period - Icing by Jonathan Drouin.
14:34 of 1st period - Kirby Dach wins face-off versus Jack Eichel in VANCOUVER VOODOO zone.
14:44 of 1st period - Tomas Tatar is hit by Jonathan Drouin.
14:56 of 1st period - Ryan Graves is hit by Nicolas Roy and loses puck.
15:28 of 1st period - Anthony Beauvillier is hit by Nathan Beaulieu and loses puck.
15:48 of 1st period - Icing by Zach Whitecloud.
15:49 of 1st period - Joshua Norris wins face-off versus Dawson Mercer in EDMONTON ICE zone.
16:32 of 1st period - Shot by Thomas Novak.
16:32 of 1st period - Goal by Thomas Novak - VANCOUVER VOODOO : 0 - EDMONTON ICE : 2.
16:33 of 1st period - Jack Eichel wins face-off versus Conor Garland in neutral zone.
16:55 of 1st period - Minor Penalty to Jarred Tinordi for Tripping.
16:56 of 1st period - Anton Lundell wins face-off versus Joshua Norris in EDMONTON ICE zone.
16:56 of 1st period - Anton Lundell is hit by Josh Anderson.
17:50 of 1st period - Shot by Joshua Norris.
17:50 of 1st period - Shot Misses the Net.
17:52 of 1st period - Shot by Alexander Edler.
17:52 of 1st period - Shot Misses the Net.
17:54 of 1st period - Shot by Carson Soucy.
17:54 of 1st period - Deflect By Joshua Norris.
17:54 of 1st period - Stopped by Vitek Vanecek with a rebound.
17:56 of 1st period - Shot by Alexander Edler.
17:56 of 1st period - Stopped by Vitek Vanecek without a rebound.
17:57 of 1st period - Conor Garland wins face-off versus Anton Lundell in EDMONTON ICE zone.
18:18 of 1st period - Shot by Conor Garland.
18:18 of 1st period - Stopped by Vitek Vanecek with a rebound.
18:20 of 1st period - Shot by Nicolas Hague.
18:20 of 1st period - Shot Blocked by Zach Whitecloud.
18:49 of 1st period - Off-side.
18:50 of 1st period - Joshua Norris wins face-off versus Anton Lundell in neutral zone.
19:13 of 1st period - Shot by Josh Anderson.
19:13 of 1st period - Shot Misses the Net.
19:15 of 1st period - Shot by Carson Soucy.
19:15 of 1st period - Stopped by Vitek Vanecek with a rebound.
19:17 of 1st period - Shot by Rafael Harvey-Pinard.
19:17 of 1st period - Shot Misses the Net.
19:19 of 1st period - Shot by Rafael Harvey-Pinard.
19:19 of 1st period - Deflect By Joshua Norris.
19:19 of 1st period - Shot Misses the Net.
Goals for this period are 0 for VANCOUVER VOODOO vs 2 for EDMONTON ICE.
Shots for this period are 11 for VANCOUVER VOODOO vs 6 for EDMONTON ICE.

2nd period


0:01 of 2nd period - Christian Dvorak wins face-off versus Thomas Novak in neutral zone.
0:28 of 2nd period - Shot by Gustav Nyquist.
0:28 of 2nd period - Stopped by Samuel Montembeault with a rebound.
0:40 of 2nd period - Shot by Thomas Novak.
0:40 of 2nd period - Deflect By Gustav Nyquist.
0:40 of 2nd period - Shot Misses the Net.
0:42 of 2nd period - Shot by Ryan Graves.
0:42 of 2nd period - Stopped by Samuel Montembeault with a rebound.
1:03 of 2nd period - Shot by Jack Eichel.
1:03 of 2nd period - Shot Misses the Net.
1:40 of 2nd period - Icing by Conor Garland.
1:41 of 2nd period - Christian Dvorak wins face-off versus Dawson Mercer in VANCOUVER VOODOO zone.
1:41 of 2nd period - Christian Dvorak is hit by Anthony Beauvillier.
2:14 of 2nd period - Icing by Rafael Harvey-Pinard.
2:15 of 2nd period - Joshua Norris wins face-off versus Thomas Novak in VANCOUVER VOODOO zone.
2:25 of 2nd period - Shot by Rafael Harvey-Pinard.
2:25 of 2nd period - Goal by Rafael Harvey-Pinard - VANCOUVER VOODOO : 1 - EDMONTON ICE : 2.
2:26 of 2nd period - Thomas Novak wins face-off versus Kirby Dach in neutral zone.
2:53 of 2nd period - Shot by Gustav Nyquist.
2:53 of 2nd period - Shot Misses the Net.
3:30 of 2nd period - Jack Eichel is hit by Nathan Beaulieu and loses puck.
4:27 of 2nd period - Icing by Jonas Brodin.
4:28 of 2nd period - Cody Glass wins face-off versus Dawson Mercer in EDMONTON ICE zone.
4:28 of 2nd period - Cody Glass is hit by Zach Whitecloud.
4:37 of 2nd period - Icing by Dawson Mercer.
4:38 of 2nd period - Joshua Norris wins face-off versus Dawson Mercer in EDMONTON ICE zone.
4:38 of 2nd period - Joshua Norris is hit by Zach Whitecloud.
4:41 of 2nd period - Rafael Harvey-Pinard is hit by Zach Whitecloud and loses puck.
6:42 of 2nd period - Shot by Conor Garland.
6:42 of 2nd period - Shot Misses the Net.
6:44 of 2nd period - Shot by Christian Dvorak.
6:44 of 2nd period - Shot Misses the Net.
6:46 of 2nd period - Shot by Christian Dvorak.
6:46 of 2nd period - Stopped by Vitek Vanecek without a rebound.
6:47 of 2nd period - Evgeny Dadonov wins face-off versus Cody Glass in EDMONTON ICE zone.
7:01 of 2nd period - Shot by Michael Pezzetta.
7:01 of 2nd period - Shot Misses the Net.
7:15 of 2nd period - Shot by Evgeny Dadonov.
7:15 of 2nd period - Stopped by Samuel Montembeault without a rebound.
7:16 of 2nd period - Kirby Dach wins face-off versus Anton Lundell in VANCOUVER VOODOO zone.
7:35 of 2nd period - Shot by Nicolas Roy.
7:35 of 2nd period - Shot Misses the Net.
8:08 of 2nd period - Jordan Harris is hit by Tanner Jeannot and loses puck.
8:54 of 2nd period - Josh Anderson is hit by Jordan Spence and loses puck.
9:02 of 2nd period - Joshua Norris is hit by Ryan Graves and loses puck.
9:43 of 2nd period - Shot by Dawson Mercer.
9:43 of 2nd period - Stopped by Samuel Montembeault without a rebound.
9:44 of 2nd period - Thomas Novak wins face-off versus Cody Glass in VANCOUVER VOODOO zone.
9:45 of 2nd period - Shot by Gustav Nyquist.
9:45 of 2nd period - Shot Blocked by Braden Schneider.
10:04 of 2nd period - Shot by Cody Glass.
10:04 of 2nd period - Stopped by Vitek Vanecek without a rebound.
10:05 of 2nd period - Dawson Mercer wins face-off versus Jonathan Drouin in EDMONTON ICE zone.
10:05 of 2nd period - Dawson Mercer is hit by Kirby Dach.
10:41 of 2nd period - Kirby Dach is hit by Anthony Beauvillier and loses puck.
11:01 of 2nd period - Off-side.
11:02 of 2nd period - Joshua Norris wins face-off versus Scott Laughton in neutral zone.
11:07 of 2nd period - Shot by Rafael Harvey-Pinard.
11:07 of 2nd period - Goal by Rafael Harvey-Pinard - VANCOUVER VOODOO : 2 - EDMONTON ICE : 2.
11:08 of 2nd period - Thomas Novak wins face-off versus Josh Anderson in neutral zone.
12:02 of 2nd period - Icing by Nicolas Hague.
12:03 of 2nd period - Joshua Norris wins face-off versus Jack Eichel in VANCOUVER VOODOO zone.
12:03 of 2nd period - Joshua Norris is hit by Jack Eichel.
12:39 of 2nd period - Rafael Harvey-Pinard is hit by Zach Whitecloud and loses puck.
13:17 of 2nd period - Shot by Kirby Dach.
13:17 of 2nd period - Stopped by Vitek Vanecek with a rebound.
13:57 of 2nd period - Shot by Thomas Novak.
13:57 of 2nd period - Shot Misses the Net.
13:59 of 2nd period - Shot by Thomas Novak.
13:59 of 2nd period - Shot Misses the Net.
14:13 of 2nd period - Shot by Scott Laughton.
14:13 of 2nd period - Deflect By Thomas Novak.
14:13 of 2nd period - Shot Blocked by Jordan Harris.
14:15 of 2nd period - Shot by Ryan Graves.
14:15 of 2nd period - Shot Blocked by Jordan Harris.
14:48 of 2nd period - Icing by Christian Dvorak.
14:49 of 2nd period - Dawson Mercer wins face-off versus Fabian Zetterlund in VANCOUVER VOODOO zone.
15:06 of 2nd period - Shot by Evgeny Dadonov.
15:06 of 2nd period - Stopped by Samuel Montembeault without a rebound.
15:07 of 2nd period - Kirby Dach wins face-off versus Anton Lundell in VANCOUVER VOODOO zone.
15:19 of 2nd period - Jonathan Drouin is hit by Jarred Tinordi and loses puck.
15:42 of 2nd period - Shot by Scott Laughton.
15:42 of 2nd period - Shot Misses the Net.
15:44 of 2nd period - Shot by Ryan Graves.
15:44 of 2nd period - Shot Misses the Net.
16:30 of 2nd period - Shot by Evgeny Dadonov.
16:30 of 2nd period - Stopped by Samuel Montembeault without a rebound.
16:31 of 2nd period - Jack Eichel wins face-off versus Joshua Norris in VANCOUVER VOODOO zone.
16:51 of 2nd period - Icing by Nicolas Hague.
16:52 of 2nd period - Joshua Norris wins face-off versus Thomas Novak in VANCOUVER VOODOO zone.
17:14 of 2nd period - Shot by Gustav Nyquist.
17:14 of 2nd period - Shot Misses the Net.
17:16 of 2nd period - Shot by Thomas Novak.
17:16 of 2nd period - Deflect By Gustav Nyquist.
17:16 of 2nd period - Shot Blocked by Nicolas Hague.
17:18 of 2nd period - Shot by Ryan Graves.
17:18 of 2nd period - Stopped by Samuel Montembeault without a rebound.
17:19 of 2nd period - Christian Dvorak wins face-off versus Jack Eichel in VANCOUVER VOODOO zone.
17:19 of 2nd period - Christian Dvorak is hit by Tomas Tatar.
17:24 of 2nd period - Conor Garland is hit by Shea Theodore and loses puck.
17:35 of 2nd period - Shot by Christian Dvorak.
17:35 of 2nd period - Stopped by Vitek Vanecek without a rebound.
17:36 of 2nd period - Thomas Novak wins face-off versus Cody Glass in EDMONTON ICE zone.
18:00 of 2nd period - Shot by Gustav Nyquist.
18:00 of 2nd period - Shot Blocked by Jordan Harris.
18:21 of 2nd period - Off-side.
18:22 of 2nd period - Kirby Dach wins face-off versus Jack Eichel in neutral zone.
18:25 of 2nd period - Tomas Tatar is hit by Kirby Dach and loses puck.
18:57 of 2nd period - Jonathan Drouin is hit by Ryan Graves and loses puck.
19:21 of 2nd period - Shot by Rafael Harvey-Pinard.
19:21 of 2nd period - Stopped by Vitek Vanecek with a rebound.
Goals for this period are 2 for VANCOUVER VOODOO vs 0 for EDMONTON ICE.
Shots for this period are 7 for VANCOUVER VOODOO vs 7 for EDMONTON ICE.

3rd period


0:01 of 3rd period - Thomas Novak wins face-off versus Kirby Dach in neutral zone.
0:41 of 3rd period - Shot by Thomas Novak.
0:41 of 3rd period - Shot Misses the Net.
0:43 of 3rd period - Shot by Gustav Nyquist.
0:43 of 3rd period - Stopped by Samuel Montembeault without a rebound.
0:44 of 3rd period - Joshua Norris wins face-off versus Jack Eichel in VANCOUVER VOODOO zone.
0:57 of 3rd period - Shot by Joshua Norris.
0:57 of 3rd period - Deflect By Rafael Harvey-Pinard.
0:57 of 3rd period - Stopped by Vitek Vanecek without a rebound.
0:58 of 3rd period - Dawson Mercer wins face-off versus Christian Dvorak in EDMONTON ICE zone.
1:07 of 3rd period - Shot by Dawson Mercer.
1:07 of 3rd period - Stopped by Samuel Montembeault without a rebound.
1:08 of 3rd period - Jack Eichel wins face-off versus Joshua Norris in VANCOUVER VOODOO zone.
1:16 of 3rd period - Icing by Carson Soucy.
1:17 of 3rd period - Joshua Norris wins face-off versus Thomas Novak in VANCOUVER VOODOO zone.
1:21 of 3rd period - Off-side.
1:22 of 3rd period - Thomas Novak wins face-off versus Kirby Dach in neutral zone.
1:25 of 3rd period - Shot by Scott Laughton.
1:25 of 3rd period - Stopped by Samuel Montembeault with a rebound.
2:56 of 3rd period - Shot by Alex Tuch.
2:56 of 3rd period - Goal by Alex Tuch - VANCOUVER VOODOO : 2 - EDMONTON ICE : 3.
2:57 of 3rd period - Christian Dvorak wins face-off versus Anthony Beauvillier in neutral zone.
3:00 of 3rd period - Shot by Conor Garland.
3:00 of 3rd period - Shot Misses the Net.
3:06 of 3rd period - Shot by Christian Dvorak.
3:06 of 3rd period - Stopped by Vitek Vanecek without a rebound.
3:07 of 3rd period - Cody Glass wins face-off versus Anton Lundell in EDMONTON ICE zone.
4:02 of 3rd period - Shot by Dawson Mercer.
4:02 of 3rd period - Stopped by Samuel Montembeault with a rebound.
4:04 of 3rd period - Shot by Evgeny Dadonov.
4:04 of 3rd period - Shot Misses the Net.
4:25 of 3rd period - Nathan Beaulieu is hit by Anthony Beauvillier and loses puck.
4:36 of 3rd period - Shot by Evgeny Dadonov.
4:36 of 3rd period - Stopped by Samuel Montembeault without a rebound.
4:37 of 3rd period - Jack Eichel wins face-off versus Joshua Norris in VANCOUVER VOODOO zone.
5:14 of 3rd period - Shea Theodore is hit by Josh Anderson and loses puck.
6:36 of 3rd period - Icing by Gustav Nyquist.
6:37 of 3rd period - Joshua Norris wins face-off versus Scott Laughton in EDMONTON ICE zone.
6:46 of 3rd period - Shot by Rafael Harvey-Pinard.
6:46 of 3rd period - Stopped by Vitek Vanecek without a rebound.
6:47 of 3rd period - Joshua Norris wins face-off versus Dawson Mercer in EDMONTON ICE zone.
7:16 of 3rd period - Rafael Harvey-Pinard is hit by Ryan Graves.
7:41 of 3rd period - Icing by Ryan Graves.
7:42 of 3rd period - Dawson Mercer wins face-off versus Kirby Dach in EDMONTON ICE zone.
7:48 of 3rd period - Icing by Carson Soucy.
7:49 of 3rd period - Kirby Dach wins face-off versus Jack Eichel in VANCOUVER VOODOO zone.
7:54 of 3rd period - Shot by Nicolas Roy.
7:54 of 3rd period - Deflect By Kirby Dach.
7:54 of 3rd period - Shot Misses the Net.
8:06 of 3rd period - Shot by Jonathan Drouin.
8:06 of 3rd period - Stopped by Vitek Vanecek without a rebound.
8:07 of 3rd period - Thomas Novak wins face-off versus Christian Dvorak in EDMONTON ICE zone.
8:30 of 3rd period - Gustav Nyquist is hit by Alexander Edler and loses puck.
8:34 of 3rd period - Minor Penalty to Alexander Edler for Holding.
8:35 of 3rd period - Jack Eichel wins face-off versus Christian Dvorak in VANCOUVER VOODOO zone.
8:42 of 3rd period - Shot by Alex Tuch.
8:42 of 3rd period - Stopped by Samuel Montembeault without a rebound.
8:43 of 3rd period - Christian Dvorak wins face-off versus Dawson Mercer in VANCOUVER VOODOO zone.
8:43 of 3rd period - Christian Dvorak is hit by Scott Laughton.
8:53 of 3rd period - Shot by Tomas Tatar.
8:53 of 3rd period - Shot Misses the Net.
8:55 of 3rd period - Shot by Dawson Mercer.
8:55 of 3rd period - Shot Misses the Net.
8:57 of 3rd period - Shot by Michael Matheson.
8:57 of 3rd period - Stopped by Samuel Montembeault without a rebound.
8:58 of 3rd period - Jack Eichel wins face-off versus Christian Dvorak in VANCOUVER VOODOO zone.
9:01 of 3rd period - Shot by Gustav Nyquist.
9:01 of 3rd period - Shot Misses the Net.
9:03 of 3rd period - Shot by Michael Matheson.
9:03 of 3rd period - Stopped by Samuel Montembeault with a rebound.
9:05 of 3rd period - Shot by Alex Tuch.
9:05 of 3rd period - Deflect By Gustav Nyquist.
9:05 of 3rd period - Stopped by Samuel Montembeault without a rebound.
9:06 of 3rd period - Jack Eichel wins face-off versus Christian Dvorak in VANCOUVER VOODOO zone.
10:13 of 3rd period - Kirby Dach is hit by Scott Laughton and loses puck.
10:32 of 3rd period - Shot by Tomas Tatar.
10:32 of 3rd period - Shot Blocked by Nathan Beaulieu.
10:38 of 3rd period - Shot by Tanner Jeannot.
10:38 of 3rd period - Goal by Tanner Jeannot - VANCOUVER VOODOO : 2 - EDMONTON ICE : 4.
10:39 of 3rd period - Cody Glass wins face-off versus Dawson Mercer in neutral zone.
10:42 of 3rd period - Jonas Brodin is hit by Michael Pezzetta and loses puck.
10:57 of 3rd period - Shot by Cody Glass.
10:57 of 3rd period - Deflect By Josh Bailey.
10:57 of 3rd period - Stopped by Vitek Vanecek without a rebound.
10:58 of 3rd period - Jack Eichel wins face-off versus Jonathan Drouin in EDMONTON ICE zone.
11:18 of 3rd period - Shot by Jack Eichel.
11:18 of 3rd period - Stopped by Samuel Montembeault without a rebound.
11:19 of 3rd period - Scott Laughton wins face-off versus Joshua Norris in VANCOUVER VOODOO zone.
11:20 of 3rd period - Shot by Thomas Novak.
11:20 of 3rd period - Shot Blocked by Nathan Beaulieu.
11:22 of 3rd period - Shot by Scott Laughton.
11:22 of 3rd period - Goal by Scott Laughton - VANCOUVER VOODOO : 2 - EDMONTON ICE : 5.
11:23 of 3rd period - Thomas Novak wins face-off versus Josh Anderson in neutral zone.
11:53 of 3rd period - Shot by Josh Anderson.
11:53 of 3rd period - Stopped by Vitek Vanecek without a rebound.
11:54 of 3rd period - Tomas Tatar wins face-off versus Kirby Dach in EDMONTON ICE zone.
12:32 of 3rd period - Icing by Carson Soucy.
12:33 of 3rd period - Kirby Dach wins face-off versus Thomas Novak in VANCOUVER VOODOO zone.
12:33 of 3rd period - Nicolas Roy is hit by Gustav Nyquist and loses puck.
12:58 of 3rd period - Shot by Thomas Novak.
12:58 of 3rd period - Stopped by Samuel Montembeault without a rebound.
12:59 of 3rd period - Dawson Mercer wins face-off versus Christian Dvorak in VANCOUVER VOODOO zone.
13:15 of 3rd period - Icing by Jonas Brodin.
13:16 of 3rd period - Joshua Norris wins face-off versus Dawson Mercer in EDMONTON ICE zone.
13:23 of 3rd period - Shot by Josh Anderson.
13:23 of 3rd period - Shot Blocked by Jonas Brodin.
14:19 of 3rd period - Shot by Michael Matheson.
14:19 of 3rd period - Stopped by Samuel Montembeault without a rebound.
14:20 of 3rd period - Kirby Dach wins face-off versus Jack Eichel in VANCOUVER VOODOO zone.
14:36 of 3rd period - Icing by Ryan Graves.
14:37 of 3rd period - Christian Dvorak wins face-off versus Jack Eichel in EDMONTON ICE zone.
14:45 of 3rd period - Icing by Alex Tuch.
14:46 of 3rd period - Jack Eichel wins face-off versus Kirby Dach in EDMONTON ICE zone.
14:50 of 3rd period - Icing by Alex Tuch.
14:51 of 3rd period - Jack Eichel wins face-off versus Kirby Dach in EDMONTON ICE zone.
14:53 of 3rd period - Alex Tuch is hit by Kirby Dach and loses puck.
15:08 of 3rd period - Shot by Kirby Dach.
15:08 of 3rd period - Shot Misses the Net.
15:10 of 3rd period - Shot by Kirby Dach.
15:10 of 3rd period - Stopped by Vitek Vanecek without a rebound.
15:11 of 3rd period - Christian Dvorak wins face-off versus Thomas Novak in EDMONTON ICE zone.
15:40 of 3rd period - Shot by Christian Dvorak.
15:40 of 3rd period - Shot Misses the Net.
16:30 of 3rd period - Shot by Alex Tuch.
16:30 of 3rd period - Shot Misses the Net.
16:32 of 3rd period - Shot by Alex Tuch.
16:32 of 3rd period - Shot Misses the Net.
16:48 of 3rd period - Shot by Alex Tuch.
16:48 of 3rd period - Stopped by Samuel Montembeault without a rebound.
16:49 of 3rd period - Kirby Dach wins face-off versus Dawson Mercer in VANCOUVER VOODOO zone.
16:49 of 3rd period - Kirby Dach is hit by Anthony Beauvillier.
17:03 of 3rd period - Shot by Nicolas Roy.
17:03 of 3rd period - Deflect By Kirby Dach.
17:03 of 3rd period - Stopped by Vitek Vanecek without a rebound.
17:04 of 3rd period - Christian Dvorak wins face-off versus Anton Lundell in EDMONTON ICE zone.
17:04 of 3rd period - Carson Soucy is hit by Shea Theodore and loses puck.
17:30 of 3rd period - Shot by Michael Matheson.
17:30 of 3rd period - Stopped by Samuel Montembeault without a rebound.
17:31 of 3rd period - Jack Eichel wins face-off versus Kirby Dach in VANCOUVER VOODOO zone.
17:54 of 3rd period - Shot by Alex Tuch.
17:54 of 3rd period - Shot Blocked by Nathan Beaulieu.
18:06 of 3rd period - Shot by Tomas Tatar.
18:06 of 3rd period - Stopped by Samuel Montembeault without a rebound.
18:07 of 3rd period - Joshua Norris wins face-off versus Thomas Novak in VANCOUVER VOODOO zone.
18:21 of 3rd period - Rafael Harvey-Pinard is hit by Michael Matheson and loses puck.
18:28 of 3rd period - Shot by Josh Anderson.
18:28 of 3rd period - Shot Misses the Net.
18:41 of 3rd period - Rafael Harvey-Pinard is hit by Michael Matheson and loses puck.
19:18 of 3rd period - Minor Penalty to Ryan Graves for Boarding.
19:19 of 3rd period - Kirby Dach wins face-off versus Anton Lundell in EDMONTON ICE zone.
19:19 of 3rd period - Conor Garland is hit by Jarred Tinordi and loses puck.
Goals for this period are 0 for VANCOUVER VOODOO vs 3 for EDMONTON ICE.
Shots for this period are 8 for VANCOUVER VOODOO vs 18 for EDMONTON ICE.


BLAKE
WHEELER
STEVEN
STAMKOS
DREW
DOUGHTY

EAST COAST

HOCKEY LEAGUE

  • 63.RHI2PIT5
  • 64.WOR4ATL3
  • 65.QUECHW
  • 66.CHATRV